 Dungeon Crawl Stone Soup version 0.18-a0-796-g4b90cf5 (webtiles) character file.

44 Arkorax the Skirmisher (level 3, 0/34 HPs)
             Began as a Hill Orc Abyssal Knight on Dec 14, 2015.
             Was a Follower of Lugonu.
             Slain by an adder (1 damage)
             ... on level 2 of the Dungeon.
             The game lasted 00:01:23 (897 turns).

Arkorax the Skirmisher (Hill Orc Abyssal Knight)     Turns: 897, Time: 00:01:23

Health: 0/34       AC:  5    Str: 15    XL:     3   Next: 62%
Magic:  5/5        EV: 10    Int: 12    God:    Lugonu [*.....]
Gold:   85         SH:  0    Dex: 10    Spells: 0 memorised, 2 levels left

rFire  . . .     SeeInvis .     a - +1 falchion
rCold  . . .     Clarity  .     g - +0 ring mail
rNeg   . . .     SustAt   .     (no shield)
rPois  .         Gourm    .     (no helmet)
rElec  .         Spirit   .     (no cloak)
rCorr  .         Dismiss  .     (no gloves)
rMut   .         Stasis   .     (no boots)
MR     .....                    (no amulet)
Stlth  ..........               (no ring)
                                (no ring)

@: lethally poisoned (0 -> -2), not resistant to hostile enchantments, extremely
unstealthy
A: no striking features
a: Depart the Abyss, Renounce Religion


You were on level 2 of the Dungeon.
You worshipped Lugonu.
Lugonu was aware of your devotion.
You were not hungry.

You visited 1 branch of the dungeon, and saw 2 of its levels.
You visited the Abyss 1 time.

You collected 85 gold pieces.

Inventory:

Hand Weapons
 a - a +1 falchion (weapon)
Armour
 g - a +0 ring mail (worn)
Scrolls
 b - 2 scrolls of identify {unknown}
 e - a scroll of fear {unknown}
 f - 3 scrolls of remove curse {unknown}
 h - 3 scrolls of enchant weapon {unknown}
 i - a scroll of noise {unknown}
 j - a scroll of immolation {unknown}
 k - a scroll of recharging {unknown}
Potions
 d - a potion of resistance {unknown}
Comestibles
 c - a bread ration


   Skills:
 * Level 4.3 Fighting
 * Level 3.4 Long Blades
 - Level 2.1 Armour
 - Level 0.7 Dodging
 + Level 2.8 Invocations


You had 2 spell levels left.
You didn't know any spells.

Dungeon Overview and Level Annotations

Branches:
Dungeon (2/15)

Altars:


Message History

The adder is heavily wounded.
The adder closely misses you. The adder bites you but does no damage.
You miss the adder.
The adder is heavily wounded.
The adder bites you.
* * * LOW HITPOINT WARNING * * *
You are lethally poisoned!
The adder poisons you!
You barely miss the adder.
The adder is heavily wounded.
* * * LOW HITPOINT WARNING * * *
You feel sick. The adder bites you but does no damage.
You barely miss the adder.
The adder is heavily wounded.
The adder barely misses you. The adder bites you but does no damage.
You hit the adder but do no damage.
The adder is heavily wounded.
* * * LOW HITPOINT WARNING * * *
You feel sick. The adder barely misses you. The adder bites you.
You die...

#...# #...#########
#...........#######
#########..................
.......#.....#####.########
............## #.#
.[.....##...# ##.# .......
##S## #..# ....... #@# #.##
## ......# #.# #.# ##.
.....? #...# #.# #.. ......
###.####.#######.. ......
#...>..........# ..
......#.##.....## ..##
#####...##....## ...
###..##....#
##.#####..........#


You could see an adder.

Vanquished Creatures
  2 adders (D:2)
  A worm (D:2)
  A ball python (D:2)
  5 bats
  A goblin (D:1)
  2 hobgoblins
  4 jackals (D:1)
  A quokka (D:2)
  6 kobolds (D:1)
  A rat (D:1)
24 creatures vanquished.

Vanquished Creatures (others)
  3 fungi (D:2)
  24 toadstools (D:2)
27 creatures vanquished.

Grand Total: 51 creatures vanquished

Notes
Turn   | Place    | Note
--------------------------------------------------------------
     0 | Abyss:1  | Arkorax the Hill Orc Abyssal Knight began the quest for the Orb.
     0 | Abyss:1  | Reached XP level 1. HP: 19/19 MP: 2/2
     0 | D:1      | Escaped the Abyss
   156 | D:1      | Reached XP level 2. HP: 20/27 MP: 3/3
   334 | D:1      | Reached * piety under Lugonu
   334 | D:1      | Reached skill level 4 in Fighting
   533 | D:2      | Reached XP level 3. HP: 31/33 MP: 3/5
   897 | D:2      | HP: 1/34 [poisoned by an adder]
   897 | D:2      | Slain by an adder

Vault maps used:
D:1:      dpeg_arrival_tiny_d, hex_large, hangedman_decor_clover_reticule,
          minmay_misc_feat_four_crosses
D:2:      tgw_fedhas, amethyst_overflow_temple_binary, ecumenical_altar_1,
          uniq_robin

Action                   || total
-------------------------++-------
Melee: Falchion          ||    93
Invok: Depart the Abyss  ||     1
